 Dungeon Crawl Stone Soup version 0.27-a0-1188-g73eefd5def (webtiles) character file.

Game seed: 11344487374536111297

8 DasRunzen the Slasher (level 1, -2/17 HPs)
             Began as a Demigod Gladiator on May 21, 2021.
             Slain by a jackal (3 damage)
             ... on level 1 of the Dungeon.
             The game lasted 00:00:40 (190 turns).

DasRunzen the Slasher (Demigod Gladiator)            Turns: 190, Time: 00:00:40

Health: -2/17      AC:  4    Str: 15    XL:     1   Next: 80%
Magic:  3/3        EV: 12    Int: 10    God:
Gold:   153        SH:  0    Dex: 15    Spells: 0/0 levels left

rFire    . . .     SeeInvis .   a - +0 long sword
rCold    . . .     Faith    .   (no shield)
rNeg     . . .     Spirit   .   b - +0 leather armour
rPois    .         Reflect  .   c - +0 helmet
rElec    .         Harm     .   (no cloak)
rCorr    .         Rampage  .   (no gloves)
Will     .....                  (no boots)
Stlth    +.........             (no amulet)
HPRegen  0.05/turn              (no ring)
MPRegen  0.08/turn              (no ring)

@: mighty
A: high mp 1, forlorn
a: no special abilities


You were on level 1 of the Dungeon.
You visited 1 branch of the dungeon, and saw 1 of its levels.

You collected 153 gold pieces.

Inventory:

Hand Weapons
 a - a +0 long sword (weapon)
Missiles
 d - 3 throwing nets (quivered)
Armour
 b - a +0 leather armour (worn)
 c - a +0 helmet (worn)


   Skills:
 * Level 2.0 Fighting
 * Level 2.9 Long Blades
 - Level 1.7 Throwing
 + Level 0.2 Armour
 + Level 2.7 Dodging
 + Level 0.2 Spellcasting


You couldn't memorise any spells.
You didn't know any spells.
Your spell library contained the following spells:

 Spells                   Type           Power      Damage    Failure   Level
 Animate Skeleton         Necr           0%         N/A       43%         1
 Apportation              Tloc           0%         N/A       43%         1
 Corona                   Hex            0%         N/A       43%         1
 Summon Small Mammal      Summ           0%         N/A       43%         1


Dungeon Overview and Level Annotations

Branches:
Dungeon (1/15)


Innate Abilities, Weirdness & Mutations

Your attributes grow dramatically as you level up.
You have an increased reservoir of magic. (+10% MP)
You shall have no god before yourself.


Message History

The jackal misses you.
The jackal bites you but does no damage.
You closely miss the jackal. The jackal bites you.
The jackal barely misses you. The jackal closely misses you.
The jackal barely misses you. The jackal bites you.
You barely miss the jackal. The jackal bites you. x2
A jackal comes into view.
The jackal barely misses you. x2; The jackal bites you.
* * * LOW HITPOINT WARNING * * *
You are too injured to fight recklessly!
The jackal closely misses you.
The jackal bites you but does no damage.
Unknown command.
The jackal bites you.
* * * LOW HITPOINT WARNING * * *
The jackal closely misses you.
You riposte.
You closely miss the jackal. The jackal barely misses you.
You riposte.
You closely miss the jackal. The jackal bites you.
* * * LOW HITPOINT WARNING * * *
The jackal barely misses you. The jackal misses you.
You hit the jackal.
You kill the jackal!
Your Fighting skill increases to level 2!
It was a potion of might.
You feel very mighty all of a sudden. The jackal closely misses you.
You slice the jackal!!
You kill the jackal!
The jackal closely misses you.
You miss the jackal.
The jackal bites you but does no damage.
The jackal barely misses you.
You closely miss the jackal. The jackal bites you.
* * * LOW HITPOINT WARNING * * *
You barely miss the jackal. The jackal bites you.
* * * LOW HITPOINT WARNING * * *
The jackal barely misses you.
You riposte.
You barely miss the jackal. You closely miss the jackal. The jackal misses you.
The jackal bites you.
You die...

# ####### +# ..
.....#####.#
...#####.........#
.................#
.................#
#...$h..gh.....#
###.#####.####.#
..h #h.# #.# #...
##h###@# #......
#..##h#
........###.##h####
##### #.....hhg..#
#..........#
#..........#
#........†.#
#..........#
#......>...#


You could see 4 jackals and a hobgoblin.

Vanquished Creatures
  A giant cockroach (D:1)
  A goblin (D:1)
  2 hobgoblins (D:1)
  2 jackals (D:1)
6 creatures vanquished.

Vanquished Creatures (others)
  2 fungi (D:1)
2 creatures vanquished.

Grand Total: 8 creatures vanquished

Notes
Turn   | Place    | Note
-------+----------+-------------------------------------------
     0 | D:1      | DasRunzen the Demigod Gladiator began the quest for the
                  | Orb.
     0 | D:1      | Reached XP level 1. HP: 17/17 MP: 3/3
     7 | D:1      | Noticed a scorpion
     7 | D:1      | Noticed an iguana
     7 | D:1      | Noticed a hound
     8 | D:1      | Noticed a lindwurm
     8 | D:1      | Noticed a black mamba
   190 | D:1      | Slain by a jackal

Illustrated notes

Levels and vault maps discovered:
D:1:      onia_arrival_zoo_common, layout_basic, minmay_gold_behind_fungi

Skill      XL: |  1 |
---------------+----+-----
Fighting       | 2 |  2.0
Long Blades    | |  2.9
Throwing       | |  1.7
Armour         | |  0.2
Dodging        | |  2.7
Spellcasting   | |  0.2

Action                   || total
-------------------------++-------
Melee: Long sword        ||    30
  Use: Potion            ||     1
Armor: Leather armour    ||    10
Dodge: Dodged            ||    27
       Rpst.: Long sword ||     5

Table legend: (Time is in decaauts)
 A = Elapsed time spent in this place.
 B = Non-inter-level travel time spent in this place.
 C = Inter-level travel time spent in this place.
 D = Time resting spent in this place.
 E = Time spent auto-exploring this place.
 F = Levels seen in this place.
 G = Mean time per level.
                   A        B        C        D        E       F      G
               +--------+--------+--------+--------+--------+-----+--------+
         Total |    197 |    197 |      0 |      0 |    121 |   1 |  197.0 |
       Dungeon |    197 |    197 |      0 |      0 |    121 |   1 |  197.0 |
               +--------+--------+--------+--------+--------+-----+--------+

Top non-repeatable levels by time:
     D:1: 197 daAuts
